 Dungeon Crawl Stone Soup version 0.26-a0-926-g43279f1ce9 (webtiles) character file.

Game seed: 11061921036402632722

2086 Alado the Poker (level 9, -5/71 HPs)
             Began as a Demonspawn Abyssal Knight on Nov 24, 2020.
             Was an Elder of Lugonu.
             Shot with an arrow by a centaur (8 damage)
             ... on level 7 of the Dungeon on Nov 26, 2020.
             The game lasted 00:50:07 (6265 turns).

Alado the Poker (Demonspawn Abyssal Knight)         Turns: 6265, Time: 00:50:08

Health: -5/71      AC:  7    Str: 15    XL:     9   Next: 6%
Magic:  20/20      EV: 12    Int: 13    God:    Lugonu [****..]
Gold:   325        SH:  0    Dex: 14    Spells: 6/11 levels left

rFire    . . .     SeeInvis .   h - +4 trident (flame)
rCold    + . .     Faith    .   (no shield)
rNeg     . . .     Spirit   .   b - +3 leather armour
rPois    .         Reflect  .   (helmet restricted)
rElec    .         Harm     .   (no cloak)
rCorr    .         Rampage  .   (no gloves)
MR       .....                  (no boots)
Stlth    ++........             (no amulet)
HPRegen  0.21/turn              d - ring of flight
MPRegen  0.17/turn              f - ring of magical power

@: no status effects
A: horns 1, rugged brown scales 1, cold resistance 1, powered by death 2
a: Depart the Abyss, Bend Space, Banish, Corrupt, Renounce Religion, Evoke
Flight


You were on level 7 of the Dungeon.
You worshipped Lugonu.
Lugonu was greatly pleased with you.
You visited 1 branch of the dungeon, and saw 7 of its levels.
You visited the Abyss 1 time.

You collected 325 gold pieces.

Inventory:

Hand Weapons
 h - a +4 trident of flaming (weapon)
Armour
 b - a +3 leather armour (worn)
Jewellery
 d - a ring of flight (left hand)
 f - a ring of magical power (right hand)
Wands
 k - a wand of digging (5)
Scrolls
 a - a scroll of identify
 e - 4 scrolls of amnesia
 g - 2 scrolls of teleportation
 i - 3 scrolls of fear
 j - 3 scrolls of remove curse
 m - 2 scrolls of magic mapping
Potions
 l - 2 potions of resistance


   Skills:
 + Level 5.7 Fighting
 + Level 7.4 Polearms
 + Level 4.9 Armour
 + Level 2.4 Dodging
 + Level 2.6 Stealth
 + Level 1.5 Spellcasting
 + Level 1.0 Conjurations
 + Level 0.3 Transmutations
 + Level 3.4 Invocations
 + Level 1.0 Evocations


You had 6 spell levels left.
You knew the following spells:

 Your Spells              Type           Power        Failure   Level
a - Beastly Appendage     Tmut           #.....       28%         1
b - Wereblood             Tmut           #.......     38%         2
c - Searing Ray           Conj           #.....       32%         2

Your spell library contained the following spells:

 Spells                   Type           Power        Failure   Level
 Magic Dart               Conj           #...         22%         1
 Dazzling Flash           Conj/Hex       #.....       61%         3
 Spider Form              Tmut/Pois      #.........   65%         3
 Fulminant Prism          Conj/Hex       #.........   95%         4
 Iskenderun's Mystic Bla  Conj/Tloc      #.......     95%         4
 Ice Form                 Ice/Tmut       #.......     96%         4
 Blade Hands              Tmut           #.........   100%        5


Dungeon Overview and Level Annotations

Branches:
Dungeon (7/15)             Temple (0/1) D:4

Altars:
Fedhas
Kikubaaqudgha
Qazlal
Sif Muna
Trog

Shops:
D:5 =

Portals:
Ossuary: D:7


Innate Abilities, Weirdness & Mutations

You have a pair of small horns on your head.
You are partially covered in rugged brown scales. (AC +1, +3% HP)
Your flesh is cold resistant. (rC+)
You regenerate health from kills.


Message History

You see here 2 arrows.
The centaur shoots an arrow.
The arrow hits you!
You see here an arrow.
The centaur shoots an arrow.
The arrow hits you but does no damage.
You see here an arrow.
The centaur shoots an arrow.
The arrow hits you!
* * * LOW HITPOINT WARNING * * *
You see here an arrow.
There is a stone staircase leading down here.
You feel better.
The centaur shoots an arrow.
The arrow barely misses you.
The centaur shoots an arrow.
The arrow closely misses you.
The centaur shoots an arrow.
The arrow misses you.
You see here an arrow.
The centaur shoots an arrow.
The arrow hits you!
* * * LOW HITPOINT WARNING * * *
You see here 2 arrows.
The centaur shoots an arrow.
The arrow hits you!
* * * LOW HITPOINT WARNING * * *
The centaur shoots an arrow.
The arrow hits you!
You die...

#........+.....###..#
#........#####.###.##
#...###......#.##..#
#...# ######.#<...## #
#...# #.#.#.## .. #####
#.#....# #. #####
#.######
...##...#########....(#
...(....≈≈.c(@((>####.#
..##...≈≈######(# #.#
♣♣..P♣♣ #.# #.#
♣≈≈;.≈≈♣ #.# #.#
♣≈P≈...P≈≈♣ #.####.#
≈≈≈≈...≈≈≈P♣ #......#
♣≈≈P≈≈≈...≈≈≈♣ ########
♣≈≈≈≈≈≈...≈≈♣♣
♣≈P≈≈≈♣≈..≈≈♣


You could see a centaur.

Vanquished Creatures
  Grinder (D:5)
  Sigmund (D:6)
  Menkaure (D:6)
  An ice beast (D:6)
  A phantom (D:6)
  3 ogres (D:4)
  A centaur (D:4)
  2 bullfrogs (D:6)
  Blork the orc (D:6)
  A scorpion (D:4)
  2 howler monkeys
  A centaur zombie (D:5)
  Crazy Yiuf (D:6)
  3 hounds
  An orc priest (D:5)
  4 iguanas
  6 orc wizards
  3 worker ants
  A hound skeleton (D:5)
  A howler monkey zombie (D:5)
  Robin (D:4)
  10 adders
  A white imp (D:5)
  An ufetubus (D:5)
  2 adder skeletons
  2 worms (D:2)
  2 dart slugs
  3 leopard geckos
  28 orcs
  6 bats
  8 giant cockroaches
  12 goblins
  9 hobgoblins
  11 jackals
  5 kobolds
  5 quokkas
  2 ball pythons
  3 frilled lizards
  A giant cockroach zombie (D:5)
  A goblin zombie (D:7)
  8 rats
  A rat zombie (D:7)
158 creatures vanquished.

Vanquished Creatures (others)
  2 plants (D:7)
2 creatures vanquished.

Grand Total: 160 creatures vanquished

Notes
Turn   | Place    | Note
-------+----------+-------------------------------------------
     0 | Abyss:1  | Alado the Demonspawn Abyssal Knight began the quest for the
                  | Orb.
     0 | Abyss:1  | Reached XP level 1. HP: 18/18 MP: 2/2
     0 | D:1      | Escaped the Abyss
    83 | D:1      | Reached * piety under Lugonu
   156 | D:1      | Reached skill level 2 in Polearms
   201 | D:1      | Gained mutation: You regenerate a little health from kills.
                  | [demonic ancestry]
   201 | D:1      | Reached XP level 2. HP: 24/24 MP: 3/3
   210 | D:1      | Reached skill level 1 in Dodging
   618 | D:2      | Reached XP level 3. HP: 27/29 MP: 4/4
  1545 | D:3      | Reached XP level 4. HP: 31/37 MP: 5/5
  1699 | D:3      | Reached ** piety under Lugonu
  1735 | D:3      | Reached skill level 3 in Polearms
  1871 | D:3      | Found a stormy altar of Qazlal.
  1935 | D:3      | Found an ancient bone altar of Kikubaaqudgha.
  1960 | D:3      | Learned a level 1 spell: Beastly Appendage
  1963 | D:3      | Learned a level 2 spell: Wereblood
  2127 | D:4      | Noticed an ogre
  2132 | D:4      | Killed an ogre
  2133 | D:4      | Reached XP level 5. HP: 22/42 MP: 5/7
  2282 | D:3      | Reached skill level 4 in Polearms
  2361 | D:4      | Noticed an ogre
  2374 | D:4      | Gained mutation: You have a pair of small horns on your
                  | head. [demonic ancestry]
  2374 | D:4      | Reached XP level 6. HP: 27/48 MP: 8/8
  2375 | D:4      | Reached *** piety under Lugonu
  2385 | D:4      | Reached skill level 1 in Stealth
  2800 | D:4      | Noticed Robin
  2801 | D:4      | Reached skill level 5 in Polearms
  3016 | D:3      | Gained mutation: Your flesh is cold resistant. (rC+)
                  | [demonic ancestry]
  3016 | D:3      | Reached XP level 7. HP: 49/55 MP: 9/9
  3024 | D:4      | Killed Robin
  3085 | D:4      | Found a staircase to the Ecumenical Temple.
  3437 | D:4      | Found a blossoming altar of Fedhas.
  3539 | D:4      | Found a shimmering blue altar of Sif Muna.
  3774 | D:4      | Upgraded the game from 0.26-a0-854-gdc81c2f471 to
                  | 0.26-a0-926-g43279f1ce9
  3796 | D:5      | Entered Level 5 of the Dungeon
  4212 | D:5      | Reached **** piety under Lugonu
  4248 | D:5      | Reached skill level 6 in Polearms
  4253 | D:5      | Noticed Grinder
  4282 | D:5      | Killed Grinder
  4283 | D:5      | Reached skill level 5 in Fighting
  4283 | D:5      | Gained mutation: You regenerate health from kills. [demonic
                  | ancestry]
  4283 | D:5      | Reached XP level 8. HP: 47/62 MP: 10/10
  4717 | D:5      | Learned a level 2 spell: Searing Ray
  4773 | D:5      | Found Xilo's Jewellery Shoppe.
  5095 | D:6      | Noticed Menkaure
  5108 | D:6      | Killed Menkaure
  5109 | D:6      | Reached skill level 1 in Evocations
  5332 | D:6      | Reached skill level 7 in Polearms
  5335 | D:6      | Noticed Blork the orc
  5344 | D:6      | Killed Blork the orc
  5353 | D:6      | Noticed Sigmund
  5365 | D:6      | Killed Sigmund
  5366 | D:6      | Reached skill level 1 in Conjurations
  5423 | D:6      | Reached skill level 1 in Spellcasting
  5423 | D:6      | Gained mutation: You are partially covered in rugged brown
                  | scales. (AC +1, +3% HP) [demonic ancestry]
  5423 | D:6      | Reached XP level 9. HP: 61/71 MP: 11/11
  5692 | D:6      | Found a runed translucent door.
  5693 | D:6      | Noticed Crazy Yiuf
  5945 | D:6      | Killed Crazy Yiuf
  6161 | D:7      | Found a sand-covered staircase.
  6185 | D:7      | Found a bloodstained altar of Trog.
  6265 | D:7      | HP: 3/71 [centaur/arrow (9)]
  6265 | D:7      | Shot with an arrow by a centaur

Illustrated notes

Levels and vault maps discovered:
D:1:      lightli_arrival_windingriver, layout_basic
D:2:      layout_basic, serial_rivers, chequers_serial_rivers_small_3,
          chequers_serial_rivers_small_a, chequers_serial_rivers_room_a,
          chequers_serial_rivers_marsh
D:3:      layout_rooms, lemuel_crystal_altar, general_overflow_altar
D:4:      layout_rooms, tgw_sif, minmay_temple_entry_grid,
          fedhas_bush_and_centaur_altar, uniq_robin
D:5:      layout_cave_pools, serial_shops, shop, portal_sewer_entry_d,
          uniq_grinder
D:6:      layout_loops_ring, chequers_serial_rivers_marsh, uniq_sigmund,
          uniq_blork_the_orc, uniq_menkaure, uniq_crazy_yiuf_cottage
D:7:      layout_basic, grunt_gozag_statues, bloody_trog, hangedman_ru_absence,
          nicolae_tso_swordbearing_angel, enter_ossuary_4, serial_bayou,
          serial_bayou_shore_b, serial_bayou_ford_a, serial_bayou_shore_a,
          serial_bayou_pond_e

Skill      XL: |  1  2  3  4  5  6  7  8 |
---------------+-------------------------+-----
Polearms       | 2 3 4 5 6 7 |  7.4
Dodging        | 1 2 |  2.4
Armour         | 2 3 4 |  4.9
Fighting       | 4 5 |  5.7
Stealth        | 1 2 |  2.6
Invocations    | 3 |  3.4
Evocations     | 1 |  1.0
Conjurations   | 1 |  1.0
Spellcasting   | 1 |  1.5
Transmutations | |  0.3

Action                   |  1- 3 |  4- 6 |  7- 9 || total
-------------------------+-------+-------+-------++-------
Melee: Spear             |   103 |       |       ||   103
       Trident           |    18 |   131 |   238 ||   387
       Headbutt          |       |     8 |    30 ||    38
       Kick              |       |       |     5 ||     5
 Cast: Beastly Appendage |       |       |     4 ||     4
Invok: Depart the Abyss  |     1 |       |       ||     1
       Bend Space        |       |     4 |       ||     4
       Banish            |       |       |     1 ||     1
 Abil: Evoke Flight      |       |       |     1 ||     1
Evoke: Wand              |       |       |     6 ||     6
  Use: Scroll            |     9 |     4 |     7 ||    20
       Potion            |     2 |     3 |     6 ||    11
 Stab: Sleeping          |     1 |     1 |     3 ||     5
       Paralysed         |       |       |     6 ||     6
Armor: Leather armour    |    38 |    18 |     9 ||    65
       Chain mail        |       |    28 |    73 ||   101
Dodge: Dodged            |    69 |    64 |    83 ||   216

Table legend: (Time is in decaauts)
 A = Elapsed time spent in this place.
 B = Non-inter-level travel time spent in this place.
 C = Inter-level travel time spent in this place.
 D = Time resting spent in this place.
 E = Time spent auto-exploring this place.
 F = Levels seen in this place.
 G = Mean time per level.
                   A        B        C        D        E       F      G
               +--------+--------+--------+--------+--------+-----+--------+
         Total |   6264 |   6157 |    107 |   1313 |   3686 |   8 |  783.0 |
       Dungeon |   6264 |   6157 |    107 |   1313 |   3686 |   7 |  894.9 |
         Abyss |      0 |      0 |      0 |      0 |      0 |   1 |    0.0 |
               +--------+--------+--------+--------+--------+-----+--------+

Top non-repeatable levels by time:
     D:6: 1291 daAuts
     D:4: 1248 daAuts
     D:3: 1035 daAuts
     D:5: 1027 daAuts
     D:2: 931 daAuts
     D:1: 612 daAuts
     D:7: 116 daAuts
